 Dungeon Crawl Stone Soup version 0.29-a0-221-gceb61267dd (webtiles) character file.

Game seed: 12535279688063489145

3654 Crownlay the Thaumaturge (level 9, -11/62 HPs)
             Began as a Pale Draconian Conjurer on Feb 25, 2022.
             Was a Follower of Sif Muna.
             Mangled by a two-headed ogre
             ... wielding a +0 great mace
              (15 damage)
             ... on level 8 of the Dungeon on Feb 26, 2022.
             The game lasted 00:26:03 (9723 turns).

Crownlay the Thaumaturge (Pale Draconian Conjurer)  Turns: 9723, Time: 00:26:03

Health: -11/62     AC:  8    Str: 15    XL:     9   Next: 88%
Magic:  17/23      EV: 12    Int: 22    God:    Sif Muna [*.....]
Gold:   450        SH:  0    Dex: 10    Spells: 22/28 levels left

rFire   . . .      SeeInvis .   m - +6 mace "Worm" {protect, Fly rElec Will+ Str+5}
rCold   . . .      Faith    .   (no shield)
rNeg    . . .      Spirit   .   (body armour unavailable)
rPois   .          Reflect  .   (helmet restricted)
rElec   +          Harm     .   l - +0 cloak {Will+}
rCorr   .          Rampage  .   (no gloves)
Will    ++...                   (no boots)
Stlth   ++........              r - amulet of regeneration
HPRegen 1.00/turn               (no ring)
MPRegen 0.18/turn               (no ring)

@: flying
A: breathe steam, AC +7, unfitting armour, cold-blooded, steam resistance
a: Breathe Steam, Renounce Religion, Channel Magic


You were on level 8 of the Dungeon.
You worshipped Sif Muna.
Sif Muna was aware of your devotion.
You visited 2 branches of the dungeon, and saw 9 of its levels.
You also visited: Ossuary.

You collected 450 gold pieces.

Inventory:

Hand Weapons
 m - the +6 mace "Worm" (weapon) {protect, Fly rElec Will+ Str+5}
   (You found it on level 3 of the Dungeon)

   It grants its wielder temporary protection when it strikes (+7 to AC).
   Str:       It affects your strength (+5).
   rElec:     It insulates you from electricity.
   Fly:       It grants you flight.
   Will:      It increases your willpower.
Armour
 l - a +0 cloak of willpower (worn)
Jewellery
 c - a ring of ice
 r - an amulet of regeneration (around neck)
Wands
 y - a wand of flame (28)
 z - a wand of paralysis (3)
Scrolls
 a - 2 scrolls of blinking
 b - 6 scrolls of teleportation
 e - 2 scrolls of magic mapping
 f - 3 scrolls of enchant armour
 h - a scroll of summoning {unknown}
 n - a scroll of identify
 p - 4 scrolls of amnesia
 s - a scroll of acquirement {unknown}
 v - a scroll of noise {unknown}
Potions
 d - a potion of magic {unknown}
 g - a potion of cancellation {unknown}
 i - 8 potions of heal wounds
 j - 6 potions of curing
 k - a potion of mutation {unknown}
 o - a potion of might
 q - 2 potions of attraction {unknown}
 t - 2 potions of brilliance {unknown}
 u - 2 potions of haste {unknown}
 w - 2 potions of flight {unknown}
 x - a potion of invisibility {unknown}


   Skills:
 - Level 1.7 Dodging
 - Level 1.7 Stealth
 * Level 10.1 Spellcasting
 + Level 8.6 Conjurations
 + Level 4.0 Fire Magic
 + Level 3.6 Invocations


You had 22 spell levels left.
You knew the following spells:

 Your Spells              Type           Power      Damage    Failure   Level
a - Magic Dart            Conj           100%       1d8       1%          1
b - Searing Ray           Conj           98%        2d8       1%          2
c - Dazzling Flash        Conj/Hex       60%        N/A       3%          3

Your spell library contained the following spells:

 Spells                   Type           Power      Damage    Failure   Level
 Sublimation of Blood     Necr           11%        N/A       9%          2
 Fulminant Prism          Conj/Hex       15%        3d11      10%         4
 Iskenderun's Mystic Bla  Conj/Tloc      30%        2d8       10%         4
 Gell's Gravitas          Tloc           11%        N/A       19%         3
 Lesser Beckoning         Tloc           11%        N/A       19%         3
 Teleport Other           Tloc           11%        N/A       19%         3
 Irradiate                Conj/Tmut      15%        3d18      28%         5
 Petrify                  Tmut/Erth      11%        N/A       52%         4


Dungeon Overview and Level Annotations

Branches:
Dungeon (8/15)             Temple (1/1) D:5         Ossuary (visited)
   Lair: D:8-11

Altars:
Makhleb
Sif Muna
Yredelemnul
The Shining One

Shops:
D:7 [:=   D:8 [


Innate Abilities, Weirdness & Mutations

You can breathe blasts of scalding, opaque steam.
Your pale cyan-grey scales are hard. (AC +7)
You cannot fit into any form of body armour.
You are cold-blooded and may be slowed by cold attacks.
You are immune to the effects of steam.


Message History

The searing ray hits the wyvern.
The wyvern is almost dead.
The wyvern closely misses you. x2
The searing ray hits the wyvern.
You kill the wyvern!
Sif Muna accepts your kill.
You finish channelling your searing ray.
Your Fire Magic skill increases to level 4!
You see here a wyvern corpse.
v - a scroll labelled ZOTURI DIUMEUM A two-headed ogre comes into view.
It is wielding a +0 great mace and a +0 giant club.
The two-headed ogre shouts in stereo!
A steam dragon comes into view.
The searing ray hits the two-headed ogre!
The two-headed ogre is moderately wounded. (Press . to maintain the ray.)
The searing ray misses the two-headed ogre.
The searing ray hits the two-headed ogre.
The two-headed ogre is moderately wounded.
The searing ray hits the two-headed ogre!
The two-headed ogre is heavily wounded.
The searing ray hits the steam dragon!
The steam dragon is heavily wounded.
You finish channelling your searing ray.
The two-headed ogre hits you with a +0 great mace!
The two-headed ogre hits you with a +0 giant club!!
Casting: Searing Ray (safe; 1% risk of failure)
Confirm with . or Enter, or press ? or * to list all spells.
Aiming: Searing Ray (safe; 1% risk of failure)
Press: ? - help, Shift-Dir - straight line, f - steam dragon, p - two-headed ogre
Aim: a steam dragon (heavily wounded, 83% to hit)
The searing ray hits the two-headed ogre!
The two-headed ogre is severely wounded.
The searing ray hits the steam dragon but does no damage.
The steam dragon is heavily wounded. (Press . to maintain the ray.)
The two-headed ogre hits you with a +0 great mace!!
* * * LOW HITPOINT WARNING * * *
The two-headed ogre hits you with a +0 giant club!
You die...

... #..........
....#+##.............
.....................
.......................
.......................
.. #.................
###. #.................
...)###....†.....OD.....
.....##.........@..##
.....##..........$.#
.....)##'###.......#
....#)##.# #...........
....#..#.# ############
....##.#.# .... #...#
#### ##..# ##..#####


You could see a two-headed ogre and a steam dragon.

Vanquished Creatures
  Grinder (D:5)
  A wraith (Ossuary)
  A wyvern (D:8)
  Menkaure (D:5)
  3 water moccasins
  2 orc warriors
  4 necrophages
  3 sky beasts
  2 centaurs (D:7)
  A phantom (D:4)
  Blork the orc (D:6)
  An elf skeleton (D:4)
  A bullfrog (D:7)
  A scorpion (D:5)
  6 killer bees
  5 wights (D:8)
  2 howler monkeys
  Crazy Yiuf (D:3)
  2 jellies
  2 orc priests
  2 hounds
  A human skeleton (D:4)
  4 iguanas (D:5)
  6 orc wizards
  Natasha (thrice) (D:3)
  3 mummies (Ossuary)
  4 gnolls (D:6)
  15 adders
  2 white imps
  2 ufetubi
  2 worms
  A dart slug (D:3)
  25 orcs
  2 endoplasms
  4 giant cockroaches
  10 goblins
  4 hobgoblins
  2 jackals (D:2)
  6 kobolds
  3 quokkas
  4 ball pythons
  4 bats
  A frilled lizard (D:3)
  4 goblin zombies (Ossuary)
  5 hobgoblin zombies (Ossuary)
  2 kobold zombies (Ossuary)
  2 orc skeletons (D:4)
  2 orc zombies (D:4)
  2 rats
168 creatures vanquished.

Vanquished Creatures (others)
  A plant (D:5)
1 creature vanquished.

Grand Total: 169 creatures vanquished

Notes
Turn   | Place    | Note
-------+----------+-------------------------------------------
     0 | D:1      | Crownlay the Draconian Conjurer began the quest for the
                  | Orb.
     0 | D:1      | Reached XP level 1. HP: 14/14 MP: 3/3
   494 | D:1      | Reached XP level 2. HP: 20/20 MP: 0/5
   753 | D:1      | Found a faded altar of an unknown god.
   928 | D:1      | Learned a level 2 spell: Searing Ray
  1248 | D:2      | Reached skill level 3 in Spellcasting
  1248 | D:2      | Reached XP level 3. HP: 26/26 MP: 2/7
  2234 | D:2      | You fall into a shaft and drop 1 floor!
  2285 | D:3      | Reached XP level 4. HP: 33/33 MP: 6/9
  2664 | D:3      | Noticed Natasha
  2670 | D:3      | Killed Natasha
  2671 | D:3      | Reached skill level 4 in Spellcasting
  2678 | D:3      | Reached XP level 5. HP: 31/38 MP: 3/11
  2818 | D:3      | Noticed Natasha
  2821 | D:3      | Killed Natasha
  2822 | D:3      | Reached skill level 5 in Conjurations
  2868 | D:3      | Noticed Natasha
  2875 | D:3      | Killed Natasha
  2982 | D:3      | Found a runed translucent door.
  2983 | D:3      | Noticed Crazy Yiuf
  2990 | D:3      | Killed Crazy Yiuf
  3285 | D:3      | Identified the +6 mace "Worm" {protect, Fly rElec Will+
                  | Str+5}
  3770 | D:4      | Noticed a phantom
  3779 | D:4      | Killed a phantom
  3780 | D:4      | Reached skill level 5 in Spellcasting
  3780 | D:4      | Reached XP level 6. HP: 39/45 MP: 7/13
  3925 | D:4      | Found a sand-covered staircase.
  3937 | Ossuary  | Entered an ossuary
  3937 | Ossuary  | Noticed a wraith
  3937 | Ossuary  | Noticed a wraith
  3937 | Ossuary  | Noticed a wraith
  4488 | Ossuary  | Noticed a wraith
  4494 | Ossuary  | Killed a wraith
  4495 | Ossuary  | Reached skill level 6 in Spellcasting
  4495 | Ossuary  | Your scales start taking on a pale cyan-grey colour.
  4495 | Ossuary  | Reached XP level 7. HP: 39/50 MP: 6/16
  4495 | Ossuary  | Gained mutation: You are immune to the effects of steam.
                  | [Pale Draconian growth]
  4617 | Ossuary  | Upgraded the game from 0.29-a0-219-g0a02b1cf4f to
                  | 0.29-a0-221-gceb61267dd
  4977 | D:5      | Entered Level 5 of the Dungeon
  5367 | D:5      | Noticed Menkaure
  5376 | D:5      | Killed Menkaure
  5377 | D:5      | Reached skill level 7 in Spellcasting
  5381 | D:5      | Learned a level 3 spell: Dazzling Flash
  5464 | D:5      | Noticed Grinder
  5478 | D:5      | Killed Grinder
  5479 | D:5      | Reached XP level 8. HP: 32/57 MP: 2/19
  5919 | D:5      | Reached skill level 8 in Spellcasting
  6463 | D:5      | Found a staircase to the Ecumenical Temple.
  7323 | D:6      | Reached skill level 1 in Fire Magic
  7596 | D:6      | Reached skill level 9 in Spellcasting
  7596 | D:6      | Reached XP level 9. HP: 53/62 MP: 5/22
  7799 | Temple   | Entered the Ecumenical Temple
  7821 | Temple   | Became a worshipper of Sif Muna the Loreminder
  7900 | D:6      | Noticed Blork the orc
  7912 | D:6      | Killed Blork the orc
  8363 | D:7      | Reached skill level 1 in Invocations
  8759 | D:7      | Found Nootel's Jewellery Emporium.
  8821 | D:7      | Reached * piety under Sif Muna
  9010 | D:7      | Found Mutat's Armour Emporium.
  9229 | D:7      | Found Tuyfa's Book Boutique.
  9362 | D:8      | Found a glowing golden altar of the Shining One.
  9428 | D:8      | Found Plog's Armour Boutique.
  9548 | D:8      | Reached skill level 10 in Spellcasting
  9716 | D:8      | Noticed a two-headed ogre
  9723 | D:8      | Mangled by a two-headed ogre

Illustrated notes

Levels and vault maps discovered:
D:1:      minmay_arrival_radiant_lines, layout_basic,
          ebering_ecumenical_altar_rust
D:2:      layout_loops_ring, minmay_rat_gold_closets
D:3:      layout_basic, uniq_natasha, uniq_crazy_yiuf_cottage
D:4:      layout_basic, nicolae_ossuary_entry_catacombs
D:5:      minmay_diamond_boxcup, layout_loops_ring,
          minmay_temple_entry_from_below_a, st_stairs_2, serial_bayou_lagoon_a,
          guppyfry_early_lair_pool, uniq_menkaure, uniq_grinder
D:6:      layout_basic, corexii_corridor_pit, uniq_blork_the_orc
D:7:      layout_rooms, serial_shops, shop, shop, nicolae_shop_statue_plus,
          serial_corexii_hall, chequers_hall_statues_wall_a,
          chequers_hall_statues_corner_a, kb_lookout_dungeons_type
D:8:      layout_basic, general_overflow_altar, gammafunk_ghost_cemetery,
          serial_shops, nicolae_shop_competitors_out_of_business, abandoned_shop
Temple:   mainiacjoe_temple_hex_bubbles

Skill      XL: |  1  2  3  4  5  6  7  8  9 |
---------------+----------------------------+-----
Spellcasting   | 3 4 5 6 7 9 10 | 10.1
Conjurations   | 5 6 7 8 |  8.6
Fire Magic     | 1 4 |  4.0
Invocations    | 3 |  3.6
Dodging        | |  1.7
Stealth        | |  1.7

Action                   |  1- 3 |  4- 6 |  7- 9 || total
-------------------------+-------+-------+-------++-------
Melee: Unarmed           |    19 |       |       ||    19
       Tailslap          |     2 |     5 |       ||     7
       Mace              |       |    57 |     2 ||    59
       Punch             |       |     1 |       ||     1
 Fire: Hunting sling     |    69 |    24 |       ||    93
 Cast: Magic Dart        |    18 |     1 |     2 ||    21
       Searing Ray       |     9 |    27 |    87 ||   123
       Dazzling Flash    |       |       |     1 ||     1
 Abil: Breathe Steam     |       |       |     1 ||     1
  Use: Scroll            |       |     3 |    10 ||    13
 Stab: Sleeping          |       |     2 |       ||     2
Armor: Skin              |    26 |    27 |    40 ||    93
Dodge: Dodged            |    50 |    61 |    98 ||   209

Table legend: (Time is in decaauts)
 A = Elapsed time spent in this place.
 B = Non-inter-level travel time spent in this place.
 C = Inter-level travel time spent in this place.
 D = Time resting spent in this place.
 E = Time spent auto-exploring this place.
 F = Levels seen in this place.
 G = Mean time per level.
                   A        B        C        D        E       F      G
               +--------+--------+--------+--------+--------+-----+--------+
         Total |   9797 |   9555 |    242 |    156 |   7234 |  10 |  979.7 |
       Dungeon |   9019 |   8777 |    242 |    156 |   6639 |   8 | 1127.4 |
        Temple |     34 |     34 |      0 |      0 |     17 |   1 |   34.0 |
       Ossuary |    743 |    743 |      0 |      0 |    578 |   1 |  743.0 |
               +--------+--------+--------+--------+--------+-----+--------+

Top non-repeatable levels by time:
     D:5: 1780 daAuts
     D:6: 1627 daAuts
     D:3: 1300 daAuts
     D:1: 1231 daAuts
     D:2: 1034 daAuts
     D:7: 940 daAuts
 Ossuary: 743 daAuts
     D:4: 737 daAuts
     D:8: 367 daAuts
  Temple: 34 daAuts
